 Dungeon Crawl Stone Soup version 0.31-a0-825-gf28bc0971e (webtiles) character file.

Game seed: 16600905578218605265

665 qw the Shooter (level 7, -9/43 HPs)
             Began as a Gargoyle Hunter on Sept 23, 2023.
             Mangled by a gnoll
             ... wielding a +0 halberd
             ... led by a gnoll bouda
              (11 damage)
             ... on level 5 of the Dungeon.
             The game lasted 00:01:21 (2934 turns).

qw the Shooter (Gargoyle Hunter)                    Turns: 2934, Time: 00:01:21

Health: -9/43      AC: 12    Str: 15    XL:     7   Next: 57%
Magic:  0/7        EV: 13    Int:  9    God:
Gold:   207        SH:  0    Dex: 15    Spells: 6/6 levels left

rFire   . . .        Y - +0 shortbow
rCold   . . .        (shield currently unavailable)
rNeg    + + .        h - +3 leather armour
rPois   inf          f - +1 helmet
rElec   +            (no cloak)
rCorr   .            (no gloves)
SInv    .            (no boots)
Will    .....        i - amulet of guardian spirit
Stlth   ++           a - ring of positive energy
HPRegen 0.27/turn    (no ring)
MPRegen 0.10/turn

%: guardian spirit
@: weakened
A: sickness immunity, AC +4, negative energy resistance 1, electricity
resistance, torment resistance 1, petrification resistance
a: no special abilities


You were on level 5 of the Dungeon.
You visited 1 branch of the dungeon, and saw 5 of its levels.

You collected 207 gold pieces.


Innate Abilities, Weirdness & Mutations

You are immune to sickness and miasma.
Your stone body is resilient. (AC +4)
You are immune to poison.
You resist negative energy. (rN+)
You are resistant to electric shocks. (rElec)
You are resistant to unholy torment.
You are immune to petrification.


   Skills:
 - Level 4.2 Fighting
 + Level 7.3 Ranged Weapons
 - Level 1.0 Armour
 - Level 3.4 Dodging
 - Level 1.1 Stealth


You had 6 spell levels left.
You didn't know any spells.
Your spell library was empty.

Inventory:

Hand Weapons
 Y - a +0 shortbow (weapon)
Armour
 f - a +1 helmet (worn)
 h - a +3 leather armour (worn)
Jewellery
 a - a ring of positive energy (left hand)
 i - an amulet of guardian spirit (around neck)
 l - a ring of fire
Scrolls
 c - a scroll of identify
Potions
 b - a potion of attraction {unknown}
 d - a potion of haste {unknown}
 e - a potion of brilliance {unknown}
 g - a potion of curing
 j - a potion of degeneration {unknown}

Dungeon Overview and Level Annotations

Branches:
Dungeon (5/15)             Temple (0/1) D:5

Altars:
Ashenzari
Makhleb

Shops:
D:1 [


Message History

The gnoll barely misses you. The gnoll closely misses you.
The gnoll barely misses you. The scorpion closely misses you.
The gnoll barely misses you. The gnoll bouda closely misses you.
The gnoll barely misses you.
2931 |||
Found retreat position at 3,5 (floor) with 0 blocking monsters and 2 monsters attacking at destination at distance 5 You shoot an arrow.
The arrow hits the gnoll bouda but does no damage.
The gnoll bouda is almost dead.
The gnoll splashes around in the water.
The scorpion stings you. The gnoll closely misses you. The gnoll misses you.
The gnoll bouda completely misses you. The gnoll hits you but does no damage.
2932 |||
Found retreat position at 3,5 (floor) with 0 blocking monsters and 2 monsters attacking at destination at distance 5 You shoot an arrow.
The arrow barely misses the gnoll bouda.
The scorpion stings you but does no damage.
The gnoll closely misses you. The gnoll misses you.
The gnoll closely misses you.
The gnoll bouda prays to its god.
The gnoll bouda is healed somewhat.
The scorpion barely misses you.
The gnoll hits you from afar with a +0 halberd.
The gnoll splashes around in the water.
2933 |||
Found retreat position at 3,5 (floor) with 0 blocking monsters and 2 monsters attacking at destination at distance 5 You shoot an arrow.
The arrow barely misses the gnoll bouda.
The gnoll barely misses you. The gnoll hits you but does no damage.
The gnoll bouda hits you with a +0 whip!
The scorpion stings you but does no damage.
The gnoll barely misses you. The gnoll hits you but does no damage.
2934 |||
Found retreat position at 3,5 (floor) with 0 blocking monsters and 2 monsters attacking at destination at distance 5 You shoot an arrow.
The arrow closely misses the gnoll bouda.
The gnoll hits you from afar with a +0 halberd.
The gnoll hits you from afar with a +0 spear.
The scorpion stings you but does no damage.
The gnoll bouda gazes fiercely through you!
You feel your attacks grow feeble.
The gnoll bouda hits you with a +0 whip.
The gnoll closely misses you. x2
The gnoll hits you from afar with a +0 halberd!
You die...

##.... ......###
..... ........
......
###.....###.....
#~~~~~~~~~#.....
#~#.....#~#..#####
.~.......~g..#...#
.~......s~g....P.
.~...>..@gg..#..
.~......g~...####
:~.......~......#
#~#.....#~#"...##
#~~~~~~~~~#.####
###.....###.#
...........##
#######..#..###
##......##


You could see a gnoll bouda, a scorpion and 4 gnolls.

Vanquished Creatures
  Grinder (D:5)
  2 phantoms (D:4)
  A scorpion (D:4)
  2 orc priests
  2 orc wizards
  5 adders
  A worm (D:3)
  3 dart slugs
  4 orcs
  8 endoplasms
  3 giant cockroaches
  6 hobgoblins
  2 jackals (D:1)
  A quokka (D:2)
  13 ball pythons
  6 bats
  4 frilled lizards
  7 goblins
  3 kobolds
  7 rats
81 creatures vanquished.

Notes
Turn   | Place    | Note
-------+----------+-------------------------------------------
     0 | D:1      | qw the Gargoyle Hunter began the quest for the Orb.
     0 | D:1      | Reached XP level 1. HP: 12/12 MP: 1/1
     0 | D:1      | 0 ||| qw: Version: 0.3-a-83-gcd0e7d8
     0 | D:1      | 0 ||| qw: Game counter: 1815
     0 | D:1      | 0 ||| qw: Melee chars always use a shield: true
     0 | D:1      | 0 ||| qw: God list: Okawaru
     0 | D:1      | 0 ||| qw: Allow faded altars: false
     0 | D:1      | 0 ||| qw: Do Orc after clearing Dungeon:15 true
     0 | D:1      | 0 ||| qw: Do second Lair branch before Depths: true
     0 | D:1      | 0 ||| qw: Lair rune preference: random
     0 | D:1      | 0 ||| qw: Goals: Normal
     0 | D:1      | 0 ||| PLANNING D:1-11
    44 | D:1      | Reached XP level 2. HP: 17/17 MP: 2/2
   283 | D:1      | Found Ilih's Armour Boutique.
   287 | D:1      | 287 ||| SHOPLISTING +0 ring mail (52 gold, have 51).
   287 | D:1      | 287 ||| SHOPLISTING +0 ring mail of Kiess {-Cast rF- rN++
                  | SInv} (152 gold, have 51).
   287 | D:1      | 287 ||| SHOPLISTING +1 pair of gloves of hurling (214 gold,
                  | have 51).
   287 | D:1      | 287 ||| SHOPLISTING +3 ring mail of willpower (338 gold,
                  | have 51).
   475 | D:1      | Reached XP level 3. HP: 21/21 MP: 3/3
   633 | D:1      | Reached skill level 5 in Ranged Weapons
   670 | D:1      | 670 ||| UPGRADING to +1 helmet.
   675 | D:1      | 675 ||| UPGRADING to +3 leather armour.
   685 | D:1      | 685 ||| DROPPING +0 leather armour.
   686 | D:1      | 686 ||| UPGRADING to amulet of guardian spirit.
   691 | D:1      | 691 ||| READING scroll labelled JEXADI CECKEG.
   692 | D:1      | 692 ||| DROPPING scroll of butterflies.
   780 | D:2      | Reached skill level 3 in Fighting
   810 | D:2      | Found a broken altar of Ashenzari.
   904 | D:2      | Reached XP level 4. HP: 28/28 MP: 4/4
  1390 | D:2      | 1390 ||| UPGRADING to ring of positive energy.
  1536 | D:3      | Reached XP level 5. HP: 29/32 MP: 5/5
  1543 | D:3      | Reached skill level 6 in Ranged Weapons
  1818 | D:3      | Reached skill level 1 in Armour
  2219 | D:3      | Found a faded altar of an unknown god.
  2309 | D:3      | Found a burning altar of Makhleb.
  2311 | D:3      | 2311 ||| READING 2 scrolls labelled ATAOCW HYRGHOEJO.
  2312 | D:3      | 2312 ||| READING scroll labelled CATEOD KAOLET.
  2313 | D:3      | 2313 ||| DRINKING 2 fuming golden potions.
  2338 | D:4      | 2338 ||| STAIRDANCE
  2345 | D:4      | 2345 ||| STAIRDANCE
  2349 | D:4      | 2349 ||| STAIRDANCE
  2353 | D:4      | 2353 ||| STAIRDANCE
  2357 | D:4      | 2357 ||| STAIRDANCE
  2361 | D:4      | 2361 ||| STAIRDANCE
  2365 | D:4      | 2365 ||| STAIRDANCE
  2369 | D:4      | 2369 ||| STAIRDANCE
  2373 | D:4      | 2373 ||| STAIRDANCE
  2377 | D:4      | 2377 ||| STAIRDANCE
  2381 | D:4      | 2381 ||| STAIRDANCE
  2385 | D:4      | 2385 ||| STAIRDANCE
  2389 | D:4      | 2389 ||| STAIRDANCE
  2393 | D:4      | 2393 ||| STAIRDANCE
  2397 | D:4      | 2397 ||| STAIRDANCE
  2401 | D:4      | 2401 ||| STAIRDANCE
  2405 | D:4      | 2405 ||| STAIRDANCE
  2409 | D:4      | 2409 ||| STAIRDANCE
  2413 | D:4      | 2413 ||| STAIRDANCE
  2417 | D:4      | 2417 ||| STAIRDANCE
  2449 | D:4      | Reached XP level 6. HP: 38/38 MP: 6/6
  2756 | D:4      | Reached skill level 7 in Ranged Weapons
  2756 | D:4      | Reached XP level 7. HP: 41/43 MP: 5/7
  2841 | D:4      | 2841 ||| READING scroll labelled JYEREWKYONED.
  2853 | D:5      | Entered Level 5 of the Dungeon
  2867 | D:5      | Noticed Grinder
  2883 | D:5      | Paralysed by Grinder for 2 turns
  2890 | D:5      | Killed Grinder
  2891 | D:5      | Reached skill level 3 in Dodging
  2909 | D:5      | Found a staircase to the Ecumenical Temple.
  2910 | D:5      | 2910 ||| PLANNING TEMPLE
  2910 | D:5      | 2910 ||| DROPPING amulet of magic regeneration.
  2914 | D:5      | 2914 ||| Stepping ~*~*~tactically~*~*~ (water).
  2915 | D:5      | 2915 ||| RETREEAATING.
  2919 | D:5      | 2919 ||| Stepping ~*~*~tactically~*~*~ (retreating).
  2920 | D:5      | 2920 ||| Stepping ~*~*~tactically~*~*~ (retreating).
  2934 | D:5      | HP: 10/43 [gnoll/+0 halberd[a gnoll bouda] (2)]
  2934 | D:5      | HP: 2/43 [gnoll bouda/+0 whip (3)]
  2934 | D:5      | Mangled by a gnoll

Levels and vault maps discovered:
D:1:      nagdon_arrival_zigzag_paths, layout_basic, serial_shops, shop
D:2:      layout_basic, basic_altar
D:3:      layout_loops_corners, nicolae_overflow_ecumenical_swirl,
          minmay_hedge_maze
D:4:      layout_rooms
D:5:      layout_cave_pods, lemuel_tele_altar, elyvilon_altar_1,
          minmay_temple_entry_water_ring, uniq_prince_ribbit1, uniq_grinder,
          uniq_edmund

Skill      XL: |  1  2  3  4  5  6  7 |
---------------+----------------------+-----
Ranged Weapons | 5 6 7 |  7.3
Fighting       | 3 4 |  4.2
Armour         | 1 |  1.0
Dodging        | 3 |  3.4
Stealth        | |  1.1

Action                     |  1- 3 |  4- 6 |  7- 9 || total
---------------------------+-------+-------+-------++-------
   Fire: Shortbow          |   102 |   166 |    40 ||   308
    Use: Scroll            |     1 |     2 |     1 ||     4
         Potion            |       |     1 |       ||     1
 Armour: Leather armour    |    22 |    44 |    34 ||   100
  Dodge: Dodged            |    16 |    33 |    47 ||    96

Table legend:
 A = Non-vault XP
 B = Vault XP
 C = Vault XP percentage of total XP
 D = Non-vault monster count
 E = Vault monster count
 F = Vault count percentage of total count
                 A         B        C        D         E       F
            +---------+---------+-------+---------+---------+-------
      Total |     647 |     304 |  32.0 |      80 |       1 |   1.2
            +---------+---------+-------+---------+---------+-------
        D:1 |      40 |       0 |   0.0 |      26 |       0 |   0.0
        D:2 |      79 |       0 |   0.0 |      18 |       0 |   0.0
        D:3 |     122 |       0 |   0.0 |      18 |       0 |   0.0
        D:4 |     406 |       0 |   0.0 |      18 |       0 |   0.0
        D:5 |       0 |     304 | 100.0 |       0 |       1 | 100.0
            +---------+---------+-------+---------+---------+-------
